[ AOE2 MATCH · #497630194 ]
UnrankedBulgarians vs Maya
[ REPLAY ANALYSIS · EXTRACTED FROM THE RECORDED GAME ]
Feudal
—
Castle
—
Imperial
—
| APM avg | 32.3 |
| APM peak | 54 |
| eAPM avg | 10.5 |
| Villagers / military | 18 / 0 |
Focus
⚔️ 21.2% · 🌾 78.8%
Feudal
—
Castle
—
Imperial
—
| APM avg | 45.4 |
| APM peak | 91 |
| eAPM avg | 10.1 |
| Villagers / military | 14 / 0 |
Focus
⚔️ 10.4% · 🌾 89.6%
Feudal
—
Castle
—
Imperial
—
| APM avg | 54.9 |
| APM peak | 73 |
| eAPM avg | 14.0 |
| Villagers / military | 14 / 0 |
Focus
⚔️ 7.5% · 🌾 92.5%
Feudal
—
Castle
—
Imperial
—
| APM avg | 15.5 |
| APM peak | 33 |
| eAPM avg | 7.4 |
| Villagers / military | 11 / 0 |
Focus
⚔️ 12.7% · 🌾 87.3%
Feudal
—
Castle
—
Imperial
—
| APM avg | 31.6 |
| APM peak | 49 |
| eAPM avg | 13.0 |
| Villagers / military | 16 / 0 |
Focus
⚔️ 10.1% · 🌾 89.9%
Feudal
—
Castle
—
Imperial
—
| APM avg | 49.5 |
| APM peak | 74 |
| eAPM avg | 8.9 |
| Villagers / military | 22 / 0 |
Focus
⚔️ 27.8% · 🌾 72.2%
Feudal
—
Castle
—
Imperial
—
| APM avg | 24.4 |
| APM peak | 43 |
| eAPM avg | 10.6 |
| Villagers / military | 11 / 0 |
Focus
⚔️ 8.0% · 🌾 92.0%
Feudal
—
Castle
—
Imperial
—
| APM avg | 48.4 |
| APM peak | 65 |
| eAPM avg | 19.1 |
| Villagers / military | 35 / 0 |
Focus
⚔️ 9.9% · 🌾 90.1%
Match map
Initial resources + every placement click. Lines = walls · curves = elevation contours. ◆ gold · ⬟ stone · ● berries · ✦ relic · ◌ wall gap
Your base
Bosola's base
Strikes n Gutters's base
Jake's base
Mr. Roboto's base
raw0000's base
Welsh91Wizard's base
Yee's base
Smoothed initial terrain · ◌ = detected wall gap · hover for details
Inputs per minute
— NEXT_LEVER - - Bosola
Build order — NEXT_LEVER
25 actions detected in the replay
| 0:27 | Build | Town Center |
| 1:28 | Build | House |
| 2:23 | Queue | Villager (Male) ×4 |
| 3:42 | Queue | Villager (Male) |
| 4:22 | Build | House |
| 4:28 | Queue | Villager (Male) |
| 4:28 | Queue | Villager (Male) |
| 4:52 | Build | House |
| 4:58 | Queue | Villager (Male) |
| 4:59 | Queue | Villager (Male) |
| 5:04 | Build | House |
| 5:59 | Queue | Villager (Male) |
| 6:39 | Queue | Villager (Male) |
| 6:39 | Queue | Villager (Male) |
| 6:48 | Queue | Villager (Male) |
| 7:11 | Build | Mill |
| 7:16 | Queue | Villager (Male) |
| 7:27 | Build | Lumber Camp |
| 8:00 | Queue | Villager (Male) |
| 8:17 | Build | House |
| 8:32 | Queue | Villager (Male) |
| 8:33 | Queue | Villager (Male) |
| 8:33 | Queue | Villager (Male) |
| 8:44 | Build | House |
| 8:52 | Build | House |
Build order — Bosola
18 actions detected in the replay
| 0:22 | Build | House |
| 0:24 | Build | House |
| 0:56 | Build | Town Center |
| 3:17 | Queue | Villager (Male) ×3 |
| 4:21 | Research | Loom |
| 4:22 | Queue | Villager (Male) |
| 4:56 | Queue | Villager (Male) |
| 5:55 | Queue | Villager (Male) |
| 6:13 | Build | House |
| 6:34 | Queue | Villager (Male) |
| 6:34 | Queue | Villager (Male) |
| 7:32 | Queue | Villager (Male) |
| 7:32 | Queue | Villager (Male) |
| 7:32 | Queue | Villager (Male) |
| 7:40 | Build | Mill |
| 7:56 | Queue | Villager (Male) |
| 8:18 | Queue | Villager (Male) |
| 8:18 | Queue | Villager (Male) |
Build order — Strikes n Gutters
20 actions detected in the replay
| 0:32 | Build | Town Center |
| 2:43 | Build | House |
| 2:50 | Queue | Villager (Male) |
| 2:50 | Queue | Villager (Male) |
| 2:59 | Queue | Villager (Male) |
| 3:35 | Queue | Villager (Male) |
| 4:23 | Research | Loom |
| 4:59 | Queue | Villager (Male) |
| 5:05 | Queue | Villager (Male) |
| 5:51 | Queue | Villager (Male) |
| 5:51 | Queue | Villager (Male) |
| 6:31 | Build | House |
| 7:06 | Build | House |
| 7:10 | Queue | Villager (Male) |
| 7:31 | Queue | Villager (Male) |
| 7:36 | Queue | Villager (Male) |
| 8:11 | Queue | Villager (Male) |
| 8:30 | Queue | Villager (Male) |
| 8:46 | Build | House |
| 9:01 | Queue | Villager (Male) |
Build order — Jake
14 actions detected in the replay
| 0:25 | Build | Town Center |
| 1:16 | Build | House |
| 1:21 | Build | House |
| 2:33 | Queue | Villager (Male) |
| 2:33 | Queue | Villager (Male) |
| 2:33 | Queue | Villager (Male) |
| 2:34 | Queue | Villager (Male) |
| 3:44 | Queue | Villager (Male) |
| 4:34 | Queue | Villager (Male) |
| 5:13 | Queue | Villager (Male) |
| 5:13 | Queue | Villager (Male) |
| 5:13 | Queue | Villager (Male) |
| 6:26 | Queue | Villager (Male) |
| 6:42 | Queue | Villager (Male) |
Build order — Mr. Roboto
23 actions detected in the replay
| 0:20 | Build | Town Center |
| 1:36 | Build | House |
| 2:51 | Queue | Villager (Male) |
| 2:52 | Queue | Villager (Male) |
| 2:52 | Queue | Villager (Male) |
| 2:52 | Queue | Villager (Male) |
| 4:42 | Queue | Villager (Male) |
| 5:11 | Queue | Villager (Male) |
| 5:16 | Build | House |
| 5:44 | Queue | Villager (Male) |
| 5:45 | Queue | Villager (Male) |
| 5:49 | Build | House |
| 6:10 | Queue | Villager (Male) |
| 6:43 | Queue | Villager (Male) |
| 6:59 | Queue | Villager (Male) |
| 7:19 | Research | Loom |
| 7:20 | Queue | Villager (Male) |
| 7:39 | Queue | Villager (Male) |
| 7:44 | Build | Mill |
| 7:48 | Build | Palisade Wall |
| 8:28 | Queue | Villager (Male) |
| 8:53 | Queue | Villager (Male) |
| 9:11 | Queue | Villager (Male) |
Build order — raw0000
30 actions detected in the replay
| 0:54 | Build | Town Center |
| 2:23 | Build | House |
| 2:27 | Build | House |
| 3:28 | Queue | Villager (Male) |
| 3:28 | Queue | Villager (Male) |
| 3:28 | Queue | Villager (Male) |
| 3:29 | Queue | Villager (Male) |
| 3:29 | Queue | Villager (Male) |
| 3:35 | Research | Loom |
| 3:36 | Queue | Villager (Male) |
| 3:36 | Queue | Villager (Male) |
| 3:36 | Queue | Villager (Male) |
| 4:58 | Queue | Villager (Male) |
| 4:58 | Queue | Villager (Male) |
| 5:24 | Queue | Villager (Male) |
| 5:24 | Queue | Villager (Male) |
| 6:14 | Queue | Villager (Male) |
| 6:14 | Queue | Villager (Male) |
| 6:14 | Queue | Villager (Male) |
| 6:15 | Queue | Villager (Male) |
| 6:49 | Queue | Villager (Male) |
| 6:49 | Queue | Villager (Male) |
| 7:38 | Queue | Villager (Male) |
| 7:38 | Queue | Villager (Male) |
| 8:02 | Build | House |
| 8:06 | Build | House |
| 8:17 | Build | Palisade Wall |
| 8:29 | Build | Mill |
| 8:39 | Queue | Villager (Male) |
| 9:25 | Queue | Villager (Male) |
Build order — Welsh91Wizard
14 actions detected in the replay
| 0:41 | Build | Town Center |
| 0:53 | Build | House |
| 3:20 | Queue | Villager (Male) |
| 3:20 | Queue | Villager (Male) |
| 4:11 | Queue | Villager (Male) ×2 |
| 5:32 | Research | Loom |
| 5:51 | Build | House |
| 6:15 | Queue | Villager (Male) |
| 6:16 | Queue | Villager (Male) |
| 7:33 | Queue | Villager (Male) |
| 7:34 | Queue | Villager (Male) |
| 8:41 | Queue | Villager (Male) |
| 8:42 | Queue | Villager (Male) |
| 9:04 | Queue | Villager (Male) |
Build order — Yee
47 actions detected in the replay
| 0:51 | Build | Town Center |
| 2:35 | Build | House |
| 2:44 | Queue | Villager (Male) |
| 2:44 | Queue | Villager (Male) |
| 2:45 | Queue | Villager (Male) |
| 2:45 | Queue | Villager (Male) |
| 2:45 | Queue | Villager (Male) |
| 2:46 | Queue | Villager (Male) |
| 3:15 | Build | House |
| 4:27 | Build | Palisade Wall |
| 4:38 | Research | Loom |
| 4:38 | Research | Loom |
| 4:38 | Research | Loom |
| 5:06 | Build | House |
| 5:16 | Queue | Villager (Male) |
| 5:17 | Queue | Villager (Male) |
| 5:17 | Queue | Villager (Male) |
| 5:44 | Queue | Villager (Male) |
| 5:44 | Queue | Villager (Male) |
| 5:44 | Queue | Villager (Male) |
| 5:59 | Build | Palisade Wall |
| 6:04 | Build | Palisade Gate |
| 6:13 | Queue | Villager (Male) |
| 6:13 | Queue | Villager (Male) |
| 6:14 | Queue | Villager (Male) |
| 6:48 | Queue | Villager (Male) |
| 6:48 | Queue | Villager (Male) |
| 6:48 | Queue | Villager (Male) |
| 7:05 | Queue | Villager (Male) |
| 7:06 | Queue | Villager (Male) |
| 7:06 | Queue | Villager (Male) |
| 7:35 | Queue | Villager (Male) |
| 7:35 | Queue | Villager (Male) |
| 7:35 | Queue | Villager (Male) |
| 7:54 | Queue | Villager (Male) |
| 7:54 | Queue | Villager (Male) |
| 7:54 | Queue | Villager (Male) |
| 8:08 | Build | House |
| 8:13 | Build | House |
| 8:22 | Queue | Villager (Male) |
| 8:22 | Queue | Villager (Male) |
| 8:23 | Queue | Villager (Male) |
| 9:00 | Queue | Villager (Male) |
| 9:00 | Queue | Villager (Male) |
| 9:00 | Queue | Villager (Male) |
| 9:01 | Queue | Villager (Male) |
| 9:32 | Queue | Villager (Male) |
Match timeline
| 4:27 | Yee · wall_segment Palisade Wall x8 |
| 5:59 | Yee · wall_segment Palisade Wall x5 |
| 7:48 | Mr. Roboto · wall_segment Palisade Wall x1 |
| 8:17 | raw0000 · wall_segment Palisade Wall x4 |
| 8:26 | Jake · resign |
[ AI ANALYSIS · 1 CREDIT ]
What really happened in this match?
Wolo.gg analyzes every decision: build order, eco, micro, common mistakes by bracket. Personalized analysis on WhatsApp or Discord in 30 seconds.
Civ guide
Bulgarians
Perfil
Jugador #2437284